 Dungeon Crawl Stone Soup version 0.20.1-1-g8b1a95d (webtiles) character file.

1874 lorenzova the Thaumaturge (level 8, -7/41 HPs)
             Began as a Deep Elf Conjurer on Nov 7, 2017.
             Was a Follower of Vehumet.
             Shot with a sling bullet by Joseph (23 damage)
             ... on level 7 of the Dungeon.
             The game lasted 00:11:50 (6618 turns).

lorenzova the Thaumaturge (Deep Elf Conjurer)       Turns: 6618, Time: 00:11:50

Health: -7/41      AC:  4    Str:  5    XL:     8   Next: 91%
Magic:  9/24       EV: 16    Int: 23    God:    Vehumet [*.....]
Gold:   341        SH:  6    Dex: 15    Spells: 16/27 levels left

rFire    + . .     SeeInvis .   F - +2 trident (venom) (curse)
rCold    + . .     Gourm    .   (no shield)
rNeg     . . .     Faith    .   E - +2 robe {rC+ rF+}
rPois    .         Spirit   .   (no helmet)
rElec    .         Reflect  +   (no cloak)
rCorr    .         Harm     .   (no gloves)
MR       +....                  (no boots)
Stlth    ++........             o - +6 amulet of reflection
Regen    0.2/turn               q - +3 ring of evasion
MPRegen  0.2/turn               v - ring of protection from magic

@: no status effects
A: no striking features
a: Renounce Religion


You were on level 7 of the Dungeon.
You worshipped Vehumet.
Vehumet was aware of your devotion.
You were hungry.

You visited 2 branches of the dungeon, and saw 8 of its levels.

You collected 341 gold pieces.

Inventory:

Hand Weapons
 F - a cursed +2 trident of venom (weapon)
Armour
 a - a +1 robe
 E - a +2 robe of resistance (worn)
Magical Staves
 w - an uncursed staff of earth
Jewellery
 o - a +6 amulet of reflection (around neck)
 q - a +3 ring of evasion (left hand)
 v - a ring of protection from magic (right hand)
 x - an uncursed ring of resist corrosion
 C - a cursed amulet of regeneration
Scrolls
 d - 3 scrolls of enchant armour
 e - 2 scrolls of random uselessness {unknown}
 g - 3 scrolls of blinking {unknown}
 i - 2 scrolls of immolation {unknown}
 m - 3 scrolls of teleportation
 n - a scroll of amnesia {unknown}
 p - a scroll of identify
 s - 2 scrolls of recharging {unknown}
 y - a scroll of fog {unknown}
 D - 2 scrolls of fear
Potions
 j - 2 potions of heal wounds
 l - 3 potions of mutation
 r - a potion of cancellation
 t - a potion of brilliance
 u - a potion of flight {unknown}
 z - 3 potions of curing {unknown}
 B - a potion of haste {unknown}
Books
 b - a book of Conjurations

   Spells                             Type                      Level
   a - Magic Dart                     Conjuration                  1
   b - Searing Ray                    Conjuration                  2
   c - Dazzling Spray                 Conjuration/Hexes            3
   d - Fulminant Prism                Conjuration/Hexes            4
   e - Force Lance                    Conjuration/Translocation    4
   f - Iskenderun's Mystic Blast      Conjuration                  4
Comestibles
 c - 6 bread rations
 f - 12 fruits
 k - 4 meat rations


   Skills:
 - Level 2.4 Dodging
 - Level 2.4 Stealth
 * Level 10.2 Spellcasting
 * Level 9.6 Conjurations
 + Level 5.1 Hexes


You had 16 spell levels left.
You knew the following spells:

 Your Spells              Type           Power        Failure   Level  Hunger
a - Magic Dart            Conj           ####         1%          1    None
b - Searing Ray           Conj           ######       1%          2    None
c - Iskenderun's Mystic   Conj           ######..     1%          4    #......
d - Fulminant Prism       Conj/Hex       #####.....   2%          4    #......


Dungeon Overview and Level Annotations

Branches:
Dungeon (7/15)             Temple (1/1) D:4

Altars:
Ashenzari
Cheibriados
Dithmenos
Elyvilon
Fedhas
Hepliaklqana
Kikubaaqudgha
Makhleb
Nemelex Xobeh
Qazlal
Ru
Sif Muna
Trog
Uskayaw
Vehumet
Xom
Yredelemnul
Zin
The Shining One

Annotations:
D:7 Joseph


Message History

Joseph shoots a sling bullet.
The sling bullet hits you.
Casting: Fulminant Prism
Confirm with . or Enter, or press ? or * to list all spells.
Aiming: Iskenderun's Mystic Blast
Press: ? - help, Shift-Dir - straight line, f - Joseph
Aim: Joseph, wielding a hunting sling and wearing a dyed leather armour (moderately wounded) Really fire at your fulminant prism?
Okay, then.
Unknown command.
Casting: Iskenderun's Mystic Blast
Confirm with . or Enter, or press ? or * to list all spells.
Aiming: Magic Dart
Press: ? - help, Shift-Dir - straight line, f/p - Joseph
Aim: Joseph, wielding a hunting sling and wearing a dyed leather armour (moderately wounded)
Okay, then.
You block the bullfrog's attack.
Joseph sighs, "Being a guard is usually so boring..."
Joseph shoots a sling bullet.
The sling bullet hits you!!
Ouch! That really hurt!
You die...

.............. ....
.(.............## #..
................## #.
.................# ##
.................## #
..@....†..........##
....(.........##...#
....*....(.#..####.##
......F@(#.#.##
##.####
.........###.# #....#
#........# #.# ##....
###.....## ### #<###
#.....# #.# # #.#...#
#.# ####### ###


You could see Joseph, a bullfrog and a friendly fulminant prism.

Vanquished Creatures
  Prince Ribbit (D:6)
  Eustachio (D:6)
  Edmund (D:6)
  Menkaure (D:6)
  2 sky beasts
  2 centaurs
  A bullfrog (D:6)
  4 scorpions
  4 wights (D:6)
  A howler monkey (D:6)
  A crimson imp (D:5)
  A quasit (D:6)
  A centaur skeleton (D:4)
  A hound (D:6)
  Crazy Yiuf (D:5)
  An orc priest (D:5)
  2 orc wizards
  2 iguanas
  3 worker ants
  A hound skeleton (D:6)
  5 adders
  A shadow imp (D:6)
  2 worms (D:4)
  2 dart slugs
  6 leopard geckos
  7 orcs
  8 bats
  5 giant cockroaches
  5 goblins
  2 hobgoblins
  6 jackals
  5 kobolds
  3 quokkas
  4 frilled lizards
  A leopard gecko zombie (D:5)
  6 rats
100 creatures vanquished.

Vanquished Creatures (others)
  11 fulminant prisms
11 creatures vanquished.

Grand Total: 111 creatures vanquished

Notes
Turn   | Place    | Note
-------+----------+-------------------------------------------
     0 | D:1      | lorenzova the Deep Elf Conjurer began the quest for the Orb.
     0 | D:1      | Reached XP level 1. HP: 10/10 MP: 6/6
   279 | D:1      | Reached XP level 2. HP: 15/15 MP: 0/8
   351 | D:1      | Learned a level 2 spell: Searing Ray
   700 | D:2      | Reached skill level 5 in Conjurations
   923 | D:2      | Reached skill level 4 in Spellcasting
   923 | D:2      | Reached XP level 3. HP: 18/19 MP: 1/10
  1181 | D:2      | Found a snail-covered altar of Cheibriados.
  1767 | D:3      | Reached XP level 4. HP: 24/24 MP: 6/12
  1773 | D:3      | Learned a level 4 spell: Iskenderun's Mystic Blast
  1829 | D:3      | Found a hazy altar of Hepliaklqana.
  2199 | D:3      | Noticed a centaur
  2203 | D:3      | Killed a centaur
  2203 | D:3      | Reached skill level 5 in Spellcasting
  2203 | D:3      | Reached XP level 5. HP: 28/28 MP: 2/14
  2849 | D:4      | Reached skill level 6 in Spellcasting
  2849 | D:4      | Reached XP level 6. HP: 32/32 MP: 11/17
  2855 | D:4      | Learned a level 4 spell: Fulminant Prism
  3239 | D:4      | Reached skill level 1 in Hexes
  3412 | D:4      | Found a blossoming altar of Fedhas.
  3475 | D:4      | Found a staircase to the Ecumenical Temple.
  3517 | Temple   | Entered the Ecumenical Temple
  3619 | Temple   | Became a worshipper of Vehumet
  3900 | D:5      | Entered Level 5 of the Dungeon
  4178 | D:5      | Reached skill level 7 in Spellcasting
  4304 | D:5      | Noticed a sky beast
  4307 | D:5      | Killed a sky beast
  4307 | D:5      | Reached XP level 7. HP: 36/36 MP: 9/19
  4803 | D:5      | Found a runed door.
  4914 | D:5      | Noticed Crazy Yiuf
  4921 | D:5      | Killed Crazy Yiuf
  5130 | D:6      | Noticed Prince Ribbit
  5143 | D:6      | Noticed Menkaure
  5147 | D:6      | Killed Menkaure
  5383 | D:6      | Reached skill level 8 in Spellcasting
  5538 | D:6      | Reached XP level 8. HP: 41/41 MP: 12/22
  5728 | D:6      | Noticed Eustachio
  5733 | D:6      | Killed Eustachio
  5733 | D:6      | Reached skill level 9 in Spellcasting
  5881 | D:6      | Killed Prince Ribbit
  5962 | D:6      | Got a jewelled dagger
  5968 | D:6      | Identified the cursed +1 dagger of Brawl {antimagic, MR- Str+4 SInv} (You found it on level 6 of the Dungeon)
  6308 | D:6      | Reached skill level 5 in Hexes
  6309 | D:6      | Reached * piety under Vehumet
  6309 | D:6      | Offered knowledge of Shock by Vehumet.
  6309 | D:6      | Reached skill level 10 in Spellcasting
  6376 | D:6      | Noticed Edmund
  6381 | D:6      | Killed Edmund
  6612 | D:7      | Noticed Joseph
  6618 | D:7      | Shot with a sling bullet by Joseph

Skill      XL: |  1  2  3  4  5  6  7  8 |
---------------+-------------------------+-----
Conjurations   | 5 6 7 8 9 |  9.6
Spellcasting   | 4 5 6 7 8 10 | 10.2
Hexes          | 2 3 5 |  5.1
Dodging        | |  2.4
Stealth        | |  2.4

Action                   |  1- 3 |  4- 6 |  7- 9 || total
-------------------------+-------+-------+-------++-------
Melee: Flail             |       |       |     2 ||     2
 Cast: Magic Dart        |    77 |    59 |    59 ||   195
       Iskenderun's Myst |       |    10 |    25 ||    35
       Fulminant Prism   |       |     1 |    11 ||    12
  Use: Scroll            |     7 |       |     5 ||    12
  Eat: Chunk             |     2 |     7 |     8 ||    17
       Fruit             |       |     1 |     2 ||     3
Armor: Robe              |     1 |     1 |     1 ||     3
Dodge: Dodged            |     9 |     4 |     9 ||    22
Block: Other             |       |     3 |     4 ||     7
       Reflection        |       |     3 |     2 ||     5
